 Dungeon Crawl Stone Soup version 0.26-a0-664-gc8b27b8fc1 (webtiles) character file.

Game seed: 6501201289037341894

1222 Notrik the Fighter (level 8, 0/108 HPs)
             Began as a Demonspawn Fighter on Oct 13, 2020.
             Was an Initiate of Okawaru.
             Slain by a killer bee (2 damage)
             ... on level 5 of the Dungeon.
             The game lasted 00:09:38 (6565 turns).

Notrik the Fighter (Demonspawn Fighter)             Turns: 6565, Time: 00:09:38

Health: 0/108      AC: 14    Str: 18    XL:     8   Next: 23%
Magic:  0/17       EV:  2    Int: 11    God:    Okawaru [......]
Gold:   315        SH:  8    Dex: 12    Spells: 7/7 levels left

rFire    . . .     SeeInvis .   a - +0 long sword
rCold    . . .     Faith    .   c - +0 kite shield
rNeg     . . .     Spirit   +   n - +0 plate armour
rPois    .         Reflect  .   (no helmet)
rElec    .         Harm     .   j - +0 cloak
rCorr    .         Rampage  .   (no gloves)
MR       .....                  (no boots)
Stlth    ..........             (no amulet)
HPRegen  0.28/turn              p - ring of magical power
MPRegen  0.30/turn              (no ring)

@: berserking, lethally poisoned (0 -> -2), stab, very quick
A: talons 1, thin metallic scales 1, powered by death 1, magic shield, magic
regeneration
a: Renounce Religion


You were on level 5 of the Dungeon.
You worshipped Okawaru.
Okawaru was noncommittal.
You visited 2 branches of the dungeon, and saw 7 of its levels.
You also visited: Sewer.

You collected 315 gold pieces.

Inventory:

Hand Weapons
 a - a +0 long sword (weapon)
Missiles
 b - a throwing net (quivered) {!f}
Armour
 c - a +0 kite shield (worn)
 j - a +0 cloak (worn)
   (You found it on level 2 of the Dungeon)
 n - a +0 plate armour (worn)
   (You found it on level 3 of the Dungeon)
Jewellery
 p - a ring of magical power (left hand)
   (You found it on level 4 of the Dungeon)
 v - an uncursed ring of protection from fire {unknown}
   (You found it on level 5 of the Dungeon)
Wands
 s - a wand of polymorph (4)
   (You took it off Natasha on level 4 of the Dungeon)
Scrolls
 g - a scroll of remove curse {@r2}
 k - a scroll of blinking
 m - 2 scrolls of identify {@r1}
Potions
 d - a potion of might
 e - 2 potions of mutation {!q}
 h - 4 potions of curing {@q1}
 l - a potion of flight {unknown}
 o - a potion of cancellation {unknown}
 q - a potion of haste {unknown}
 r - a potion of stabbing
 t - a potion of brilliance {unknown}


   Skills:
 * Level 10.0 Fighting
 - Level 2.8 Long Blades
 - Level 2.6 Armour
 - Level 2.6 Shields


You had 7 spell levels left.
You didn't know any spells.
Your spell library was empty.

Dungeon Overview and Level Annotations

Branches:
Dungeon (6/15)             Temple (1/1) D:5           Sewer (visited)

Altars:
Ashenzari
Cheibriados
Dithmenos
Elyvilon
Fedhas
Gozag
Hepliaklqana
Kikubaaqudgha
Makhleb
Nemelex Xobeh
Okawaru
Qazlal
Ru
Sif Muna
Trog
Uskayaw
Vehumet
Wu Jian
Xom
Yredelemnul
Zin
The Shining One

Shops:
D:4 }


Innate Abilities, Weirdness & Mutations

You have sharp toenails.
You are partially covered in thin metallic scales. (AC +2)
You regenerate a little health from kills.
When hurt, damage is shared between your health and your magic reserves.
You regenerate magic rapidly.


Message History

The killer bee stings you.
* * * LOW HITPOINT WARNING * * *
You are poisoned.
The killer bee poisons you! You block the killer bee's attack.
You hit the killer bee. Your kick misses the killer bee.
You feel sick. The killer bee stings you.
* * * LOW HITPOINT WARNING * * *
You block the killer bee's attack.
The killer bee stings you but does no damage.
You block the killer bee's attack.
You feel better.
The killer bee stings you but does no damage.
You block the killer bee's attack. x2
The killer bee stings you but does no damage.
It was a potion of stabbing.
You feel ready to backstab. You block the killer bee's attack.
The killer bee stings you but does no damage.
You block the killer bee's attack. The killer bee stings you.
* * * LOW HITPOINT WARNING * * *
It was a potion of berserk rage.
A red film seems to cover your vision as you go berserk!
You feel yourself moving faster!
You feel mighty! You block the killer bee's attack.
The killer bee stings you but does no damage.
The killer bee stings you.
* * * LOW HITPOINT WARNING * * *
You are lethally poisoned!
The killer bee poisons you!
The killer bee stings you but does no damage.
You are too berserk!
You are too berserk!
You barely miss the killer bee. Your kick misses the killer bee.
* * * LOW HITPOINT WARNING * * *
You feel sick.
The killer bee stings you but does no damage. x4
You closely miss the killer bee. Your kick misses the killer bee.
* * * LOW HITPOINT WARNING * * *
You feel sick.
The killer bee stings you but does no damage. x3
You block the killer bee's attack.
You slash the killer bee! Your kick misses the killer bee.
* * * LOW HITPOINT WARNING * * *
You feel sick.
The killer bee stings you but does no damage. x3
You block the killer bee's attack.
You miss the killer bee.
The killer bee stings you but does no damage.
The killer bee stings you.
You die...

#.#............#.....## ##
#.#####...............###.
#.# ######.###.........# #.#
#.# ##...#####. #.# #.#
##..# #. ##.## ##+## ##.#
###. ##...# ##.).## #.# #...
#....# ##y....## #.###.##
#....## ##@......###...(...
#.#...####y........####.....
#........'.........'........
#.#...####.........####.###.
#.##.## ##.......## #.# #.
#.#### ##.....## #.###.
#.#### ##...## #..<.. #....#
##'## ###.#. ####.# #.# #...


You could see 2 killer bees.

Vanquished Creatures
  Eustachio (D:3)
  A water moccasin (Sewer)
  Duvessa (D:4)
  An ogre (D:6)
  A centaur (D:4)
  A gnoll sergeant (D:6)
  Dowan (D:4)
  A howler monkey (D:5)
  A jelly (D:6)
  3 hounds
  An orc priest (D:6)
  An iguana (D:4)
  Natasha (thrice) (D:4)
  3 orc wizards
  A worker ant (D:4)
  3 gnolls (D:6)
  6 adders
  2 white imps
  An adder skeleton (D:6)
  6 worms
  5 leopard geckos
  16 orcs
  4 giant cockroaches
  4 hobgoblins (D:1)
  7 jackals
  7 kobolds
  4 quokkas
  4 ball pythons
  12 bats
  4 frilled lizards
  2 goblins (D:1)
  A leopard gecko zombie (D:3)
  3 rats
112 creatures vanquished.

Notes
Turn   | Place    | Note
-------+----------+-------------------------------------------
     0 | D:1      | Notrik the Demonspawn Fighter began the quest for the Orb.
     0 | D:1      | Reached XP level 1. HP: 18/18 MP: 1/1
   152 | D:1      | Gained mutation: You have sharp toenails. [demonic
                  | ancestry]
   152 | D:1      | Reached XP level 2. HP: 18/24 MP: 2/2
  1019 | D:2      | Found an ornate altar of the Wu Jian Council.
  1061 | D:2      | Gained mutation: When hurt, damage is shared between your
                  | health and your magic reserves. [demonic ancestry]
  1061 | D:2      | Reached XP level 3. HP: 27/30 MP: 3/3
  1237 | D:2      | Found a sparkling altar of Nemelex Xobeh.
  1440 | D:2      | Reached skill level 4 in Fighting
  1896 | D:3      | Gained mutation: You are partially covered in thin metallic
                  | scales. (AC +2) [demonic ancestry]
  1896 | D:3      | Reached XP level 4. HP: 32/38 MP: 4/4
  2677 | D:4      | Reached skill level 5 in Fighting
  2753 | D:4      | Reached XP level 5. HP: 40/44 MP: 5/5
  2828 | D:4      | Noticed Dowan
  2828 | D:4      | Noticed Duvessa
  2863 | D:4      | Killed Dowan
  2863 | D:4      | Reached skill level 6 in Fighting
  2989 | D:4      | Noticed a centaur
  3004 | D:4      | Killed a centaur
  3004 | D:4      | Gained mutation: You regenerate a little health from kills.
                  | [demonic ancestry]
  3004 | D:4      | Reached XP level 6. HP: 26/53 MP: 4/6
  3240 | D:4      | Noticed Natasha
  3253 | D:4      | Killed Natasha
  3375 | D:3      | Reached skill level 7 in Fighting
  3648 | D:4      | Killed Duvessa
  3699 | D:4      | Found Paurys's Gadget Shoppe.
  3701 | D:4      | Noticed Eustachio
  3725 | D:4      | Noticed Natasha
  3739 | D:4      | Killed Natasha
  3739 | D:4      | Gained mutation: You regenerate magic rapidly. [demonic
                  | ancestry]
  3739 | D:4      | Reached XP level 7. HP: 48/61 MP: 5/7
  3765 | D:4      | HP: 3/61 [shadow imp/nerve-wracking pain[Eustachio] (11)]
  3767 | D:4      | HP: 1/61 [shadow imp[Eustachio] (1)]
  3795 | D:3      | Killed Eustachio
  3795 | D:3      | Reached skill level 8 in Fighting
  4231 | D:4      | Noticed Natasha
  4245 | D:4      | Killed Natasha
  4372 | D:5      | Entered Level 5 of the Dungeon
  4663 | D:5      | Found a staircase to the Ecumenical Temple.
  4727 | Temple   | Entered the Ecumenical Temple
  4814 | Temple   | Became a worshipper of Warmaster Okawaru
  5305 | D:6      | Found a shadowy altar of Dithmenos.
  5320 | D:6      | Found a glowing drain.
  5331 | Sewer    | Entered a sewer
  5465 | Sewer    | Reached skill level 9 in Fighting
  6147 | D:6      | Reached XP level 8. HP: 55/71 MP: 8/8
  6318 | D:6      | Reached skill level 10 in Fighting
  6558 | D:5      | HP: 2/72 [killer bee (3)]
  6563 | D:5      | HP: 3/108 [poisoned by a killer bee]
  6565 | D:5      | Slain by a killer bee

Illustrated notes

Levels and vault maps discovered:
D:1:      saegor_arrival_simple_d, layout_basic, chequers_serial_rivers_small_a
D:2:      layout_loops_ring, lemuel_crystal_altar, nemelex_diamond_rough_becter
D:3:      layout_basic, mrwooster_statue_mirror, due_unseen_surprise
D:4:      layout_rooms, serial_shops, shop, uniq_eustachio, uniq_duvessa,
          uniq_natasha
D:5:      layout_loops_corners, temple_pool_b, minmay_misc_feat_rugged,
          kennysheep_flooded_box
D:6:      layout_basic, cheibrodos_sewer_entry_sluice, basic_altar
Temple:   dpeg_three_leaves_temple

Skill      XL: |  1  2  3  4  5  6  7  8 |
---------------+-------------------------+-----
Long Blades    | 2 |  2.8
Fighting       | 4 5 6 7 9 10 | 10.0
Armour         | |  2.6
Shields        | |  2.6

Action                   |  1- 3 |  4- 6 |  7- 9 || total
-------------------------+-------+-------+-------++-------
Melee: Long sword        |   115 |   184 |   203 ||   502
       Kick              |    22 |    53 |    61 ||   136
       Unarmed           |       |       |     9 ||     9
  Use: Scroll            |       |       |     9 ||     9
       Potion            |       |       |     4 ||     4
Armor: Scale mail        |    64 |    16 |       ||    80
       Plate armour      |       |   128 |   304 ||   432
Dodge: Dodged            |    33 |    23 |    35 ||    91
Block: Kite shield       |    72 |    89 |   171 ||   332
       Rpst.: Long sword |    12 |     8 |     9 ||    29

Table legend: (Time is in decaauts)
 A = Elapsed time spent in this place.
 B = Non-inter-level travel time spent in this place.
 C = Inter-level travel time spent in this place.
 D = Time resting spent in this place.
 E = Time spent auto-exploring this place.
 F = Levels seen in this place.
 G = Mean time per level.
                   A        B        C        D        E       F      G
               +--------+--------+--------+--------+--------+-----+--------+
         Total |   6790 |   6606 |    184 |   1707 |   3601 |   8 |  848.8 |
       Dungeon |   6258 |   6096 |    162 |   1372 |   3486 |   6 | 1043.0 |
        Temple |     95 |     73 |     22 |      0 |     65 |   1 |   95.0 |
         Sewer |    436 |    436 |      0 |    335 |     50 |   1 |  436.0 |
               +--------+--------+--------+--------+--------+-----+--------+

Top non-repeatable levels by time:
     D:3: 1733 daAuts
     D:4: 1263 daAuts
     D:5: 1074 daAuts
     D:1: 1017 daAuts
     D:6: 650 daAuts
     D:2: 519 daAuts
   Sewer: 436 daAuts
  Temple: 95 daAuts
